[ AOE2 MATCH · #505621639 ]
UnrankedMagyars vs Poles
Player's team · LOSS
Rival team · WIN
[ REPLAY ANALYSIS · EXTRACTED FROM THE RECORDED GAME ]
Feudal
9:15
Castle
21:05
Imperial
39:48
| APM avg | 50.6 |
| APM peak | 93 |
| eAPM avg | 26.5 |
| Villagers / military | 137 / 77 |
Focus
⚔️ 44.6% · 🌾 55.4%
Cavalry Archer ×24 · Skirmisher ×20 · Archer ×17 · Knight ×4 · Militia ×3 · Mangonel ×3
Feudal
8:52
Castle
21:28
Imperial
36:31
| APM avg | 47.6 |
| APM peak | 76 |
| eAPM avg | 23.0 |
| Villagers / military | 133 / 125 |
Focus
⚔️ 33.5% · 🌾 66.5%
Skirmisher ×52 · Cavalry Archer ×31 · Scout Cavalry ×30 · Monk ×5 · Petard ×5 · Knight ×1
Match map
Initial resources + every placement click. Lines = walls · curves = elevation contours. ◆ gold · ⬟ stone · ● berries · ✦ relic · ◌ wall gap
Your base· ✓ Closed at 21:05 · 75t walls · no gate
french drush's base· ✓ Closed at 21:28 · 31t walls · 1 gate(s)
Smoothed initial terrain · ◌ = detected wall gap · hover for details
Inputs per minute
— 1 Fuchs - - french drush
Build order — 1 Fuchs
First 150 of 349 actions detected
| 0:00 | Create | Villager (Male) |
| 0:00 | Create | Villager (Male) |
| 0:00 | Create | Villager (Male) |
| 0:02 | Build | House |
| 0:04 | Build | House |
| 0:06 | Create | Villager (Male) |
| 1:24 | Create | Villager (Male) |
| 1:58 | Build | Lumber Camp |
| 2:01 | Create | Villager (Male) |
| 2:01 | Create | Villager (Male) |
| 2:18 | Create | Villager (Male) |
| 2:47 | Create | Villager (Male) |
| 3:10 | Create | Villager (Male) |
| 3:30 | Build | House |
| 3:38 | Create | Villager (Male) |
| 3:44 | Build | House |
| 4:10 | Create | Villager (Male) |
| 4:30 | Create | Villager (Male) |
| 4:52 | Create | Villager (Male) |
| 5:07 | Create | Villager (Male) |
| 5:37 | Build | Barracks |
| 5:46 | Create | Villager (Male) |
| 5:56 | Create | Villager (Male) |
| 6:16 | Research | Loom |
| 6:25 | Build | Palisade Wall |
| 6:26 | Build | Palisade Wall |
| 6:28 | Build | Palisade Wall |
| 7:04 | Research | Feudal Age |
| 7:12 | Build | Mining Camp |
| 7:16 | Create | Militia |
| 7:16 | Create | Militia |
| 7:43 | Create | Militia |
| 8:11 | Build | Mill |
| 8:23 | Create | Villager (Male) |
| 9:15 | Age | Feudal Age |
| 9:19 | Research | Man-at-Arms (upgrade) |
| 9:22 | Build | Archery Range |
| 9:30 | Create | Villager (Male) |
| 9:38 | Build | House |
| 10:13 | Create | Villager (Male) |
| 10:19 | Research | Arson |
| 10:19 | Create | Archer |
| 10:30 | Create | Villager (Male) |
| 10:31 | Create | Archer |
| 10:33 | Build | House |
| 10:35 | Build | Palisade Wall |
| 10:35 | Build | Palisade Wall |
| 10:58 | Create | Villager (Male) |
| 11:00 | Build | Farm |
| 11:02 | Build | Farm |
| 11:04 | Build | Palisade Wall |
| 11:06 | Build | Farm |
| 11:16 | Create | Spearman |
| 11:33 | Build | Farm |
| 11:34 | Create | Villager (Male) |
| 11:56 | Build | Palisade Wall |
| 12:04 | Create | Villager (Male) |
| 12:07 | Build | Farm |
| 12:10 | Build | Palisade Wall |
| 12:21 | Create | Villager (Male) |
| 12:45 | Create | Villager (Male) |
| 12:46 | Create | Archer |
| 12:46 | Create | Archer |
| 12:47 | Build | Farm |
| 12:49 | Build | Farm |
| 12:51 | Build | Farm |
| 13:02 | Build | Palisade Wall |
| 13:04 | Create | Villager (Male) |
| 13:10 | Research | Double-Bit Axe |
| 13:24 | Create | Villager (Male) |
| 13:24 | Create | Villager (Male) |
| 13:28 | Build | Palisade Wall |
| 13:43 | Build | Palisade Wall |
| 13:59 | Create | Villager (Male) |
| 14:00 | Create | Villager (Male) |
| 14:03 | Build | Farm |
| 14:10 | Build | House |
| 14:24 | Build | House |
| 14:40 | Create | Villager (Male) |
| 14:44 | Build | Farm |
| 14:53 | Build | House |
| 14:57 | Create | Spearman |
| 14:58 | Create | Spearman |
| 15:01 | Create | Villager (Male) |
| 15:04 | Build | Palisade Wall |
| 15:06 | Build | Palisade Wall |
| 15:11 | Build | Palisade Wall |
| 15:12 | Build | Palisade Wall |
| 15:14 | Build | Palisade Wall |
| 15:16 | Build | Palisade Wall |
| 15:22 | Create | Archer |
| 15:24 | Create | Villager (Male) |
| 15:35 | Create | Archer |
| 15:50 | Build | Palisade Wall |
| 15:57 | Create | Villager (Male) |
| 16:12 | Create | Villager (Male) |
| 16:14 | Build | House |
| 16:51 | Build | Blacksmith |
| 16:53 | Create | Villager (Male) |
| 17:25 | Create | Villager (Male) |
| 17:27 | Build | Lumber Camp |
| 17:43 | Build | House |
| 17:59 | Build | Farm |
| 18:10 | Create | Archer |
| 18:19 | Build | Farm |
| 18:25 | Research | Castle Age |
| 18:39 | Build | Farm |
| 18:40 | Build | Farm |
| 18:55 | Create | Archer |
| 19:07 | Research | Horse Collar |
| 19:19 | Build | House |
| 19:22 | Create | Archer |
| 19:26 | Research | Fletching |
| 19:34 | Build | Farm |
| 19:46 | Build | Stable |
| 19:51 | Create | Archer |
| 20:09 | Create | Archer |
| 20:14 | Research | Gold Mining |
| 20:38 | Build | Farm |
| 21:05 | Age | Castle Age |
| 21:07 | Create | Knight |
| 21:10 | Research | Crossbowman (upgrade) |
| 21:39 | Build | Palisade Gate |
| 21:43 | Build | House |
| 21:52 | Create | Villager (Male) |
| 21:53 | Create | Villager (Male) |
| 21:53 | Create | Villager (Male) |
| 21:55 | Create | Archer |
| 21:55 | Create | Archer |
| 22:10 | Create | Knight |
| 22:11 | Create | Villager (Male) |
| 22:34 | Create | Villager (Male) |
| 22:38 | Build | Town Center |
| 22:46 | Create | Archer |
| 22:46 | Create | Archer |
| 23:06 | Research | Bow Saw |
| 23:23 | Create | Knight |
| 23:38 | Create | Archer |
| 23:39 | Create | Archer |
| 23:57 | Create | Villager (Male) |
| 24:03 | Create | Villager (Male) |
| 24:09 | Create | Skirmisher |
| 24:10 | Create | Skirmisher |
| 24:10 | Create | Skirmisher |
| 24:14 | Research | Bodkin Arrow |
| 24:18 | Create | Villager (Male) |
| 24:29 | Create | Villager (Male) |
| 24:37 | Build | University |
| 24:39 | Create | Villager (Male) |
| 24:42 | Build | House |
Build order — french drush
First 150 of 409 actions detected
| 0:00 | Create | Villager (Male) |
| 0:02 | Build | House |
| 0:03 | Build | House |
| 0:11 | Create | Villager (Male) |
| 0:16 | Create | Villager (Male) |
| 0:23 | Create | Villager (Male) |
| 1:29 | Create | Villager (Male) |
| 1:29 | Create | Villager (Male) |
| 1:52 | Build | Lumber Camp |
| 1:59 | Create | Villager (Male) |
| 2:18 | Create | Villager (Male) |
| 2:18 | Create | Villager (Male) |
| 2:57 | Create | Villager (Male) |
| 3:20 | Create | Villager (Male) |
| 3:25 | Create | Villager (Male) |
| 3:41 | Build | Mill |
| 4:10 | Create | Villager (Male) |
| 4:10 | Create | Villager (Male) |
| 4:10 | Create | Villager (Male) |
| 4:48 | Create | Villager (Male) |
| 5:21 | Create | Villager (Male) |
| 5:35 | Build | Palisade Wall |
| 5:45 | Create | Villager (Male) |
| 5:47 | Research | Loom |
| 5:47 | Research | Loom |
| 5:57 | Build | Palisade Wall |
| 6:26 | Build | Palisade Wall |
| 6:27 | Build | Palisade Wall |
| 6:35 | Research | Feudal Age |
| 6:40 | Build | Palisade Wall |
| 7:13 | Create | Villager (Male) |
| 7:19 | Build | House |
| 7:53 | Build | Barracks |
| 7:56 | Create | Villager (Male) |
| 8:24 | Build | Palisade Gate |
| 8:25 | Build | Palisade Wall |
| 8:52 | Age | Feudal Age |
| 8:55 | Build | Stable |
| 9:01 | Create | Spearman |
| 9:21 | Create | Villager (Male) |
| 9:39 | Create | Scout Cavalry |
| 9:46 | Research | Horse Collar |
| 9:58 | Create | Villager (Male) |
| 10:07 | Build | House |
| 10:17 | Build | House |
| 10:23 | Create | Villager (Male) |
| 10:36 | Build | Farm |
| 10:37 | Build | Farm |
| 10:42 | Build | House |
| 10:46 | Create | Villager (Male) |
| 10:49 | Create | Scout Cavalry |
| 11:05 | Create | Villager (Male) |
| 11:12 | Build | House |
| 11:21 | Build | House |
| 11:22 | Create | Villager (Male) |
| 11:25 | Build | Farm |
| 11:38 | Create | Scout Cavalry |
| 11:51 | Create | Villager (Male) |
| 11:57 | Build | Farm |
| 12:10 | Create | Villager (Male) |
| 12:28 | Create | Villager (Male) |
| 12:36 | Build | House |
| 12:37 | Create | Villager (Male) |
| 12:43 | Build | Farm |
| 12:56 | Build | Mill |
| 12:56 | Create | Villager (Male) |
| 13:13 | Build | Archery Range |
| 13:16 | Create | Villager (Male) |
| 13:20 | Build | Farm |
| 13:22 | Build | Farm |
| 13:23 | Create | Scout Cavalry |
| 13:39 | Build | House |
| 13:41 | Build | Palisade Wall |
| 14:04 | Build | Farm |
| 14:05 | Create | Skirmisher |
| 14:16 | Create | Villager (Male) |
| 14:17 | Create | Skirmisher |
| 14:30 | Build | Farm |
| 14:32 | Create | Skirmisher |
| 14:55 | Create | Villager (Male) |
| 14:59 | Build | Lumber Camp |
| 15:00 | Create | Skirmisher |
| 15:14 | Create | Villager (Male) |
| 15:25 | Create | Skirmisher |
| 15:26 | Create | Villager (Male) |
| 15:34 | Create | Villager (Male) |
| 15:37 | Build | Farm |
| 15:43 | Build | Farm |
| 15:57 | Create | Villager (Male) |
| 15:58 | Build | Mining Camp |
| 16:18 | Build | Farm |
| 16:26 | Create | Skirmisher |
| 16:39 | Build | Blacksmith |
| 16:40 | Build | House |
| 16:42 | Build | House |
| 16:49 | Create | Skirmisher |
| 16:53 | Create | Villager (Male) |
| 17:26 | Create | Villager (Male) |
| 17:39 | Build | Mill |
| 17:51 | Research | Fletching |
| 17:52 | Create | Villager (Male) |
| 18:05 | Build | Farm |
| 18:06 | Build | Farm |
| 18:11 | Create | Villager (Male) |
| 18:13 | Build | Farm |
| 18:33 | Build | House |
| 18:34 | Build | House |
| 18:35 | Build | House |
| 18:48 | Research | Castle Age |
| 19:06 | Research | Fletching |
| 19:07 | Create | Skirmisher |
| 19:23 | Create | Skirmisher |
| 19:25 | Create | Villager (Male) |
| 19:28 | Build | Archery Range |
| 19:44 | Create | Skirmisher |
| 20:28 | Research | Padded Archer Armor |
| 20:32 | Research | Gold Mining |
| 20:35 | Research | Double-Bit Axe |
| 20:43 | Create | Skirmisher |
| 21:00 | Create | Villager (Male) |
| 21:05 | Create | Skirmisher |
| 21:20 | Build | Archery Range |
| 21:25 | Research | Bloodlines |
| 21:28 | Age | Castle Age |
| 21:33 | Create | Cavalry Archer |
| 21:33 | Create | Cavalry Archer |
| 21:35 | Research | Bodkin Arrow |
| 21:48 | Research | Husbandry |
| 21:49 | Research | Husbandry |
| 21:56 | Create | Knight |
| 22:02 | Research | Elite Skirmisher (upgrade) |
| 22:08 | Create | Villager (Male) |
| 22:16 | Create | Cavalry Archer |
| 22:16 | Create | Cavalry Archer |
| 22:23 | Build | Monastery |
| 22:30 | Create | Cavalry Archer |
| 22:52 | Create | Villager (Male) |
| 22:54 | Create | Cavalry Archer |
| 22:54 | Create | Cavalry Archer |
| 23:02 | Create | Cavalry Archer |
| 23:06 | Create | Villager (Male) |
| 23:12 | Create | Monk |
| 23:18 | Build | Town Center |
| 23:28 | Create | Villager (Male) |
| 23:41 | Create | Villager (Male) |
| 23:41 | Create | Cavalry Archer |
| 23:50 | Create | Cavalry Archer |
| 23:50 | Create | Cavalry Archer |
| 24:02 | Create | Villager (Male) |
| 24:03 | Create | Cavalry Archer |
Match timeline
| 5:35 | french drush · wall_segment Palisade Wall x5 |
| 5:37 | 1 Fuchs · first_building Barracks |
| 5:57 | french drush · wall_segment Palisade Wall x6 |
| 6:25 | 1 Fuchs · wall_segment Palisade Wall x1 |
| 6:26 | french drush · wall_segment Palisade Wall x8 |
| 6:26 | 1 Fuchs · wall_segment Palisade Wall x1 |
| 6:27 | french drush · wall_segment Palisade Wall x4 |
| 6:28 | 1 Fuchs · wall_segment Palisade Wall x1 |
| 6:40 | french drush · wall_segment Palisade Wall x7 |
| 7:53 | french drush · first_building Barracks |
| 8:25 | french drush · wall_segment Palisade Wall x1 |
| 8:52 | french drush · age_up feudal |
| 8:55 | french drush · first_building Stable |
| 9:15 | 1 Fuchs · age_up feudal |
| 9:22 | 1 Fuchs · first_building Archery Range |
| 10:35 | 1 Fuchs · wall_segment Palisade Wall x1 |
| 10:35 | 1 Fuchs · wall_segment Palisade Wall x1 |
| 11:04 | 1 Fuchs · wall_segment Palisade Wall x12 |
| 11:56 | 1 Fuchs · wall_segment Palisade Wall x8 |
| 12:10 | 1 Fuchs · wall_segment Palisade Wall x14 |
| 13:02 | 1 Fuchs · wall_segment Palisade Wall x15 |
| 13:13 | french drush · first_building Archery Range |
| 13:28 | 1 Fuchs · wall_segment Palisade Wall x10 |
| 13:41 | french drush · wall_segment Palisade Wall x1 |
| 13:43 | 1 Fuchs · wall_segment Palisade Wall x5 |
| 15:04 | 1 Fuchs · wall_segment Palisade Wall x1 |
| 15:06 | 1 Fuchs · wall_segment Palisade Wall x1 |
| 15:11 | 1 Fuchs · wall_segment Palisade Wall x1 |
| 15:12 | 1 Fuchs · wall_segment Palisade Wall x1 |
| 15:14 | 1 Fuchs · wall_segment Palisade Wall x1 |
| 15:16 | 1 Fuchs · wall_segment Palisade Wall x1 |
| 15:50 | 1 Fuchs · wall_segment Palisade Wall x1 |
| 19:46 | 1 Fuchs · first_building Stable |
| 21:05 | 1 Fuchs · age_up castle |
| 21:28 | french drush · age_up castle |
| 22:23 | french drush · first_building Monastery |
| 24:29 | french drush · wall_segment Palisade Wall x4 |
| 28:27 | 1 Fuchs · wall_segment Palisade Wall x1 |
| 31:13 | 1 Fuchs · first_building Siege Workshop |
| 32:00 | french drush · first_market_buy 100 stone |
| 32:41 | 1 Fuchs · first_market_buy 100 stone |
| 35:40 | 1 Fuchs · first_market_sell 100 wood |
| 36:31 | french drush · age_up imperial |
| 37:42 | 1 Fuchs · first_building Castle |
| 38:26 | french drush · first_building Castle |
| 39:46 | 1 Fuchs · wall_segment Palisade Wall x1 |
| 39:47 | 1 Fuchs · wall_segment Palisade Wall x1 |
| 39:48 | 1 Fuchs · age_up imperial |
| 40:02 | 1 Fuchs · resign |
[ AI ANALYSIS · 1 CREDIT ]
What really happened in this match?
Wolo.gg analyzes every decision: build order, eco, micro, common mistakes by bracket. Personalized analysis on WhatsApp or Discord in 30 seconds.
Civ guide
Magyars
Perfil
Jugador #366990